 Dungeon Crawl Stone Soup version bcrawl-1.12-10-g10a67aac0f (webtiles) character file.

Game seed: 11895946954899689924

11137 MisterOstroum the Grappler (level 11, -2/119 HPs)
             Began as a Troll Chaos Knight on June 12, 2019.
             Was a Plaything of Xom.
             Slain by a fire elemental (8 damage)
             ... on level 2 of the Lair of Beasts.
             The game lasted 00:31:00 (9473 turns).

MisterOstroum the Grappler (Troll Chaos Knight)     Turns: 9473, Time: 00:31:07

Health: -2/119     AC: 14    Str: 26 (27) XL:     11   Next: 45%
Magic:  13/13      EV:  9    Int: 10 (11) God:    Xom [......]
Gold:   846        SH:  0    Dex:  1 (4)  Spells: 10/10 levels left

rFire    . . .     SeeInvis .     - Unarmed
rCold    + + .     Gourm    +   (no shield)
rNeg     + . .     Faith    .   (armour unavailable)
rPois    +         Spirit   .   (helmet restricted)
rElec    +         Reflect  .   v - +2 cloak
rCorr    +         Harm     .   (gloves unavailable)
MR       +....     Clarity  +   (boots unavailable)
Stlth    +.........             (no amulet)
HPRegen  0.69/turn              R - ring of Mistrust {rF- rC+ rN+ Dex-5} (curse)
MPRegen  0.13/turn              S - +2 ring of intelligence

@: resistant, hasted, studying Bows, very quick
A: large, almost no armour, unfitting armour, claws 3, slimy green scales 1,
blurry vision 3, clarity, fast metabolism 3, gourmand, magic resistance 1,
poison resistance, regeneration 1, strong 1, AC +9
a: Renounce Religion


You were on level 2 of the Lair of Beasts.
You worshipped Xom.
You were a very special plaything of Xom.
You were very full.

You visited 2 branches of the dungeon, and saw 11 of its levels.

You collected 846 gold pieces.

Inventory:

Hand Weapons
 a - a +0 mace of chaos
 j - a +2 morningstar of holy wrath
 k - the +5 short sword of Accord {pain, *Contam rC+ MR+ Int+2, unknown}
   (You found it on level 4 of the Dungeon)

   In the hands of one skilled in necromantic magic, it inflicts extra damage on
   living creatures.
   It affects your intelligence (+2).
   It protects you from cold.
   It affects your resistance to hostile enchantments.
   It causes magical contamination when unequipped.
 w - a +0 giant club
 C - a +0 hand axe of chopping
 L - a +2 halberd of protection
 N - a -1 giant club
Missiles
 h - 1921 arrows
 i - 227 sling bullets
 l - 173 tomahawks
 m - a throwing net {!f!f}
 o - 2370 stones
 r - 49 javelins
 s - 291 poisoned needles
 B - 202 bolts
 K - 25 curare-tipped needles
 O - 70 javelins of penetration
 Q - 61 large rocks (quivered)
Armour
 v - a +2 cloak (worn)
 I - a scarf of repulsion
Jewellery
 R - the cursed ring of Mistrust (left claw) {rF- rC+ rN+ Dex-5}
   (You found it on level 8 of the Dungeon)

   [ring of dexterity]

   It affects your dexterity (-5).
   It makes you vulnerable to fire.
   It protects you from cold.
   It protects you from negative energy.
   It has a curse placed upon it.
 S - a +2 ring of intelligence (right claw)
Wands
 x - a wand of disintegration (6)
 A - a wand of enslavement (9)
 E - a wand of flame (15)
 M - a wand of digging (9)
 P - a wand of acid (5)
Scrolls
 c - 2 scrolls of enchant armour
 f - 4 scrolls of teleportation {@r3 !r}
 t - 3 scrolls of enchant weapon {unknown}
 z - a scroll of fear {unknown}
 D - 5 scrolls of remove curse {@r2}
 G - 4 scrolls of immolation {unknown}
 H - 3 scrolls of magic mapping {unknown}
 J - a scroll of fog {unknown}
 T - 2 scrolls of identify {@r1}
 U - a scroll of acquirement {unknown}
 V - a scroll of blinking {unknown}
 W - a scroll of vulnerability {unknown}
Potions
 d - 2 potions of ambrosia
 g - 3 potions of mutation
 n - 2 potions of flight
 q - a potion of agility {unknown}
 F - a potion of heal wounds {unknown}
Books
 y - a manual of Bows
Comestibles
 e - 18 rations {!d}


   Skills:
 * Level 10.3 Fighting
 - Level 3.0 Maces & Flails
 + Level 5.4 Throwing
 - Level 1.9 Dodging
 * Level 10.4 Unarmed Combat
 - Level 5.0 Evocations


You had 10 spell levels left.
You didn't know any spells.
Your spell library contained the following spells:

 Spells                   Type           Power        Failure   Level  Hunger
 Beastly Appendage        Tmut           #.....       36%         1    ##.....
 Freeze                   Ice            #...         36%         1    ##.....
 Ensorcelled Hibernation  Hex/Ice        #.....       50%         2    ###....
 Sticks to Snakes         Tmut           #.......     50%         2    ###....
 Ozocubu's Armour         Chrm/Ice       #.......     75%         3    ####...
 Spider Form              Tmut/Pois      #.........   75%         3    ####...
 Ice Form                 Ice/Tmut       #.......     98%         4    #####..
 Summon Ice Beast         Ice/Summ       #.......     98%         4    #####..
 Throw Icicle             Conj/Ice       #.......     98%         4    #####..
 Blade Hands              Tmut           #.........   100%        5    ######.
 Ozocubu's Refrigeration  Ice            #.........   100%        6    #######


Dungeon Overview and Level Annotations

Branches:
Dungeon (9/12)             Temple (0/1) D:5            Lair (2/6) D:8
  Swamp: Lair:2-4    Shoals: Lair:2-4     Snake: Lair:2-4    Spider: Lair:2-4
    Orc: D:8-11

Altars:
Ashenzari
Okawaru
Ru
Uskayaw
Xom

Shops:
D:5 }

Annotations:
D:8 2 transporters, Banto's ghost, journeyman SDGl
Lair:1 exclusion: oklob plant


Innate Abilities, Weirdness & Mutations

You cannot wear most types of armour.
Your thick skin is tough. (AC +9)
You are too large for most types of armour.
You have claws for hands.
Your metabolism is lightning-fast.
You like to eat raw meat.
Your natural rate of healing is unusually fast.
You are partially covered in slimy green scales. (AC +2)
Scrolls take you much longer to read.
You possess an exceptional clarity of mind.
You are resistant to hostile enchantments. (MR+)
Your system is resistant to poisons. (rPois)
Your muscles are strong. (Str +2)


Message History

You hear a distant splash.
There is a stone staircase leading down here.
You climb downwards.
A water moccasin and a fire elemental come into view.
The water moccasin hisses angrily.
There is a stone staircase leading up here.
Throwing (i - inventory. (/) - cycle)
Q - 63 large rocks (quivered)
Press: ? - help, Shift-Dir - straight line, f - fire elemental
Aim: a fire elemental (lava)
You throw a large rock.
The large rock hits the fire elemental!!
The fire elemental is heavily damaged.
Throwing (i - inventory. (/) - cycle)
Q - 62 large rocks (quivered)
Press: ? - help, Shift-Dir - straight line, f/p - fire elemental
Aim: a fire elemental (heavily damaged)
You throw a large rock.
The large rock closely misses the fire elemental.
You scratch the fire elemental.
The fire elemental is severely damaged. "This might be better!"
You swap places with the fire elemental.
Some monsters swap places. "This is how I like it!"
You swap places with the fungus.
Some monsters swap places.
The water moccasin looks rather confused.
Found 22 gold pieces.
A cane toad comes into view.
Unknown command.
The cane toad gives a loud, deep croak!
The cane toad hits you!!
You scratch the cane toad but do no damage.
The cane toad hits you.
You eviscerate the cane toad!!!
The cane toad is almost dead.
You hear a croak.
You hear an angry hiss.
The cane toad hits you!
You scratch the cane toad.
The cane toad is almost dead.
The cane toad hits you!
You mangle the cane toad!!
You kill the cane toad!
A water moccasin comes into view.
The water moccasin hisses angrily.
The water moccasin falls into the lava!
The water moccasin is incinerated.
You see here a cane toad corpse.
The fire elemental hits you. The fire elemental burns you!
The fire burns you terribly! The fire elemental hits you.
The fire elemental burns you! The fire burns you terribly!
Found 10 gold pieces.
You scratch the fire elemental.
The fire elemental is almost destroyed.
The fire elemental hits you. The fire elemental burns you!
The fire burns you terribly!
You closely miss the fire elemental.
The fire elemental is almost destroyed.
The fire elemental barely misses you.
You barely miss the fire elemental.
The fire elemental is almost destroyed.
The fire elemental hits you. The fire elemental burns you!
The fire burns you terribly!
Xom roars with laughter!
You barely miss the fire elemental.
The fire elemental is almost destroyed.
The water moccasin bites you but does no damage.
The fire elemental hits you. The fire elemental burns you!
The fire burns you terribly!
* * * LOW HITPOINT WARNING * * *
It was a potion of resistance.
You feel protected.
The water moccasin bites you but does no damage.
The fire elemental completely misses you.
You scratch the fire elemental.
The fire elemental is almost destroyed.
The water moccasin bites you!
* * * LOW HITPOINT WARNING * * *
The fire elemental hits you. The fire elemental burns you!
* * * LOW HITPOINT WARNING * * *
The water moccasin barely misses you. The fire elemental hits you.
The fire elemental burns you!
* * * LOW HITPOINT WARNING * * *
You closely miss the fire elemental.
The fire elemental is almost destroyed.
The water moccasin completely misses you.
The fire elemental closely misses you.
You closely miss the fire elemental.
The fire elemental is almost destroyed.
The water moccasin barely misses you. The fire elemental closely misses you.
It was a potion of haste.
You feel yourself speed up.
The water moccasin bites you but does no damage.
The fire elemental hits you. The fire elemental burns you!
* * * LOW HITPOINT WARNING * * *
The water moccasin barely misses you.
It was a potion of degeneration.
There was something very wrong with that liquid.
You feel weakened.
You feel dopey.
You feel clumsy.
A cane toad comes into view.
The fire elemental hits you. The fire elemental burns you!
You die...
Xom laughs nastily!

.....$........
P.......F..#...
+..........+..#
#..#PP...#....# .
###.............#..
................P..
....P..P##.#.......
.......P...S†.........
.......#..@E.......#..
........#+##..#....#
^...#......☼..........
....≈....≈≈≈≈#.....##.
.........≈.....P.....
....≈...§§§...........
....§..P§§§..P.§....##
....E....≈§....§....
....≈....≈§...§§§.$#


You could see a cane toad (wandering), a fire elemental and a water moccasin.

Vanquished Creatures
  Sonja (Lair:1)
  Nergalle (D:9)
  A cyclops (D:9)
  4 cane toads
  3 trolls
  A hippogriff (D:6)
  A human (D:8)
  A hungry ghost (D:7)
  14 yaks
  3 porcupines (Lair:1)
  2 water moccasins
  An ice beast (D:8)
  7 orc warriors
  A sky beast (D:8)
  A black bear (D:8)
  12 ogres
  A phantom (D:5)
  2 necrophages
  4 centaurs
  2 crocodiles
  A big kobold (D:9)
  4 bullfrogs
  2 gnoll sergeants (D:9)
  A wyvern skeleton (D:7)
  2 scorpions
  A howler monkey (D:6)
  A wight (D:7)
  5 electric eels (D:6)
  6 crimson imps
  3 jellies
  A centaur zombie (D:9)
  2 bullfrog zombies (D:7)
  A bullfrog skeleton (D:4)
  6 hounds
  4 orc priests
  7 orc wizards
  A centaur skeleton (D:9)
  2 iguanas
  3 worker ants
  A hound zombie (D:6)
  Robin (D:3)
  11 gnolls
  6 adders
  3 shadow imps
  2 oozes (D:4)
  An adder zombie (D:5)
  An adder skeleton (D:7)
  3 worms (D:2)
  4 dart slugs
  5 leopard geckos
  43 orcs
  4 bats
  A giant cockroach (shapeshifter) (D:7)
  2 giant cockroaches
  13 goblins
  10 hobgoblins
  18 jackals
  4 quokkas
  2 frilled lizards
  A jackal skeleton (D:3)
  8 kobolds
  A leopard gecko skeleton (D:4)
  7 rats
268 creatures vanquished.

Vanquished Creatures (collateral kills)
  An orc (D:9)
1 creature vanquished.

Vanquished Creatures (others)
  6 fungi
  3 plants
9 creatures vanquished.

Grand Total: 278 creatures vanquished

Notes
Turn   | Place    | Note
-------+----------+-------------------------------------------
     0 | D:1      | MisterOstroum the Troll Chaos Knight began the quest for
                  | the Orb.
     0 | D:1      | Reached XP level 1. HP: 22/22 MP: 0/0
   181 | D:1      | Reached skill level 1 in Unarmed Combat
   185 | D:1      | Reached XP level 2. HP: 17/29 MP: 1/1
   623 | D:1      | Found a shattered altar of Ashenzari.
   685 | D:1      | XOM: harmless Fire miscast
  1176 | D:1      | Reached XP level 3. HP: 37/37 MP: 2/2
  1211 | D:1      | XOM: god gift: 160 arrows
  1390 | D:1      | Identified Xom's Tome of Dominance (Xom gifted it to you on
                  | level 1 of the Dungeon)
  1390 | D:1      | XOM: god gift: Xom's Tome of Dominance
  1507 | D:2      | XOM: smoke on damage
  1508 | D:2      | XOM: scenery: create altars
  1517 | D:2      | Gained mutation: Your natural rate of healing is unusually
                  | fast. [Troll growth]
  1517 | D:2      | Reached XP level 4. HP: 18/45 MP: 3/3
  1549 | D:2      | XOM: 4-stop teleportation journey
  1614 | D:2      | XOM: stat loss: -1 Dex (8/9)
  1738 | D:2      | XOM: scenery: create altars
  2191 | D:3      | XOM: smoke on damage
  2250 | D:3      | Noticed Robin
  2255 | D:3      | Reached XP level 5. HP: 54/54 MP: 4/4
  2284 | D:3      | XOM: confuse monster(s)
  2290 | D:3      | Killed Robin
  2484 | D:3      | XOM: summons 5 friendly demons
  2485 | D:3      | Reached skill level 1 in Throwing
  2573 | D:3      | XOM: cloud trail
  2765 | D:4      | XOM: destruction
  2775 | D:4      | Reached XP level 6. HP: 63/63 MP: 5/5
  2779 | D:4      | XOM: polymorph hound -> ooze
  2992 | D:4      | XOM: cleaving
  2998 | D:4      | Reached skill level 5 in Fighting
  3055 | D:4      | Got an ancient short sword
  3078 | D:4      | Reached XP level 7. HP: 72/72 MP: 6/6
  3352 | D:4      | Found an iron altar of Okawaru.
  3497 | D:4      | XOM: cleaving
  3580 | D:4      | Reached skill level 5 in Unarmed Combat
  3665 | D:5      | Entered Level 5 of the Dungeon
  3831 | D:5      | Found a staircase to the Ecumenical Temple.
  3875 | D:5      | XOM: give mutations
  3875 | D:5      | Gained mutation: Your muscles are strong. (Str +2) [Xom's
                  | grace]
  3875 | D:5      | Gained mutation: You are somewhat resistant to further
                  | mutation. [Xom's grace]
  3875 | D:5      | Gained mutation: You are partially covered in slimy green
                  | scales. (AC +2) [Xom's grace]
  3900 | D:5      | XOM: 3-stop teleportation journey
  3941 | D:5      | Found a hide-covered altar of Uskayaw.
  3960 | D:5      | Noticed a +0 dagger
  3962 | D:5      | Noticed a +0 hand axe
  3964 | D:5      | Reached XP level 8. HP: 81/83 MP: 7/7
  3974 | D:5      | Found Uvukhleh's Gadget Emporium.
  4263 | D:6      | Noticed a hippogriff
  4267 | D:6      | XOM: 2-stop teleportation journey
  4302 | D:6      | XOM: cleaving
  4504 | D:6      | Killed a hippogriff
  4738 | D:6      | XOM: cast spell 'Summon Ice Beast'
  4796 | D:6      | XOM: polymorph electric eel -> jelly
  4971 | D:6      | Reached XP level 9. HP: 33/93 MP: 8/8
  5538 | D:7      | Noticed a troll
  5547 | D:7      | XOM: noise
  5551 | D:7      | Killed a troll
  5566 | D:7      | XOM: polymorph big kobold -> sky beast
  5568 | D:7      | XOM: blink monster(s)
  5576 | D:7      | XOM: summons 4 hostile demons
  5719 | D:7      | Noticed a troll
  5745 | D:7      | Killed a troll
  5827 | D:7      | XOM: give mutations
  5827 | D:7      | Lost mutation: You are somewhat resistant to further
                  | mutation. [Xom's mischief]
  5827 | D:7      | Gained mutation: Your body sometimes deteriorates upon
                  | taking damage. [Xom's mischief]
  5827 | D:7      | Gained mutation: You are agile. (Dex +2) [Xom's mischief]
  5968 | D:7      | XOM: 1-stop teleportation journey
  6032 | D:7      | Reached skill level 5 in Throwing
  6452 | D:7      | XOM: harmless Hex miscast
  6473 | D:7      | XOM: god gift: 130 stones
  6502 | D:7      | XOM: noise
  6657 | D:8      | Noticed Banto's ghost (journeyman SDGl)
  6673 | D:8      | Noticed a troll
  6705 | D:8      | Found a transporter.
  6718 | D:8      | Found a transporter.
  6726 | D:8      | XOM: enchant monster (bad)
  6729 | D:8      | XOM: summons 3 hostile shadow creatures
  6730 | D:8      | XOM: enchant monster (good)
  6743 | D:8      | XOM: divination: magic mapping
  6754 | D:8      | XOM: divination: detect items
  6761 | D:8      | XOM: potion effect (invisibility)
  6772 | D:8      | Killed a troll
  6792 | D:8      | Reached XP level 10. HP: 24/106 MP: 9/9
  6972 | D:8      | XOM: blink monster(s)
  6984 | D:8      | XOM: polymorph yak -> human
  6995 | D:8      | XOM: blink monster(s)
  7217 | D:8      | Got a clouded brass ring
  7229 | D:8      | XOM: give mutations
  7229 | D:8      | Gained mutation: Your system is resistant to poisons.
                  | (rPois) [Xom's mischief]
  7229 | D:8      | Lost mutation: Your body sometimes deteriorates upon taking
                  | damage. [Xom's mischief]
  7229 | D:8      | Gained mutation: Scrolls take you a little longer to read.
                  | [Xom's mischief]
  7231 | D:8      | Noticed a two-headed ogre
  7308 | D:8      | XOM: enchant monster (good)
  7391 | D:8      | Reached skill level 10 in Unarmed Combat
  7394 | D:8      | Identified the cursed ring of Mistrust {rF- rC+ rN+ Dex-5}
                  | (You found it on level 8 of the Dungeon)
  7399 | D:8      | Found a staircase to the Lair.
  7406 | D:8      | XOM: enchant monster (bad)
  7413 | D:8      | Reached skill level 1 in Evocations
  7527 | D:9      | XOM: silly message
  7530 | D:9      | Noticed Nergalle
  7535 | D:9      | XOM: fake destruction
  7538 | D:9      | XOM: blink monster(s)
  7540 | D:9      | XOM: 1-stop teleportation journey
  7689 | D:9      | XOM: noise
  7710 | D:9      | XOM: summons friendly shadow imp
  7713 | D:9      | XOM: noise
  7815 | D:8      | XOM: give mutations
  7815 | D:8      | Gained mutation: Scrolls take you longer to read. [Xom's
                  | mischief]
  7815 | D:8      | Gained mutation: You occasionally shout uncontrollably at
                  | your foes. [Xom's mischief]
  7815 | D:8      | Gained mutation: You are dopey. (Int -2) [Xom's mischief]
  7859 | D:9      | Noticed a cyclops
  7863 | D:9      | Killed a cyclops
  7950 | D:9      | XOM: harmless Tloc miscast
  8038 | D:9      | XOM: summons friendly iron imp
  8129 | D:9      | Reached skill level 10 in Fighting
  8129 | D:9      | XOM: summons 5 friendly demons
  8146 | D:9      | XOM: potion effect (invisibility)
  8151 | D:9      | XOM: summons friendly crimson imp
  8184 | D:9      | XOM: divination: detect creatures
  8196 | D:9      | Killed Nergalle
  8196 | D:9      | Reached XP level 11. HP: 50/117 MP: 11/13
  8272 | D:9      | XOM: give mutation
  8272 | D:9      | Gained mutation: Your body sometimes deteriorates upon
                  | taking damage. [Xom's mischief]
  8274 | D:9      | Lost mutation: You are dopey. (Int -2) [potion of mutation]
  8274 | D:9      | Lost mutation: You are agile. (Dex +2) [potion of mutation]
  8274 | D:9      | Lost mutation: You occasionally shout uncontrollably at
                  | your foes. [potion of mutation]
  8274 | D:9      | Gained mutation: You possess an exceptional clarity of
                  | mind. [potion of mutation]
  8274 | D:9      | Gained mutation: You are resistant to hostile enchantments.
                  | (MR+) [potion of mutation]
  8274 | D:9      | Gained mutation: Your mind is acute. (Int +2) [potion of
                  | mutation]
  8367 | Lair:1   | Entered Level 1 of the Lair of Beasts
  8529 | Lair:1   | Noticed Sonja
  8689 | Lair:1   | XOM: swap monsters
  8717 | Lair:1   | XOM: chaos cloud
  8822 | Lair:1   | Reached skill level 5 in Evocations
  8882 | Lair:1   | XOM: give mutation
  8882 | Lair:1   | Lost mutation: Your mind is acute. (Int +2) [Xom's
                  | mischief]
  8891 | Lair:1   | XOM: give mutations
  8891 | Lair:1   | Gained mutation: Scrolls take you much longer to read.
                  | [Xom's mischief]
  8891 | Lair:1   | Lost mutation: Your body sometimes deteriorates upon taking
                  | damage. [Xom's mischief]
  8902 | Lair:1   | XOM: mild Ice miscast
  8966 | Lair:1   | XOM: 1-stop teleportation journey
  8968 | Lair:1   | XOM: divination: detect creatures
  8977 | Lair:1   | XOM: harmless Hex miscast
  8981 | Lair:1   | XOM: swap monsters
  8982 | Lair:1   | XOM: medium Necr miscast
  8984 | Lair:1   | XOM: swap monsters
  8995 | Lair:1   | XOM: enchant monster (bad)
  9099 | Lair:1   | XOM: chaos cloud
  9106 | Lair:1   | Found a sacrificial altar of Ru.
  9106 | Lair:1   | Noticed an oklob plant
  9255 | Lair:1   | XOM: mild Fire miscast
  9341 | Lair:1   | XOM: harmless Summ miscast
  9410 | Lair:1   | Killed Sonja
  9452 | Lair:2   | XOM: swap monsters
  9453 | Lair:2   | XOM: swap monsters
  9473 | Lair:2   | Slain by a fire elemental

Skill      XL: |  1  2  3  4  5  6  7  8  9 10 11 |
---------------+----------------------------------+-----
Unarmed Combat | 1 2 3 4 5 7 9 10 | 10.4
Fighting       | 3 4 5 7 8 10 | 10.3
Throwing       | 1 2 3 4 5 |  5.4
Evocations     | 4 5 |  5.0
Maces & Flails | |  3.0
Dodging        | |  1.9

Action                   |  1- 3 |  4- 6 |  7- 9 | 10-12 || total
-------------------------+-------+-------+-------+-------++-------
Melee: Mace              |    74 |   152 |    52 |    11 ||   289
       Morningstar       |     8 |    12 |       |       ||    20
       Punch             |       |     4 |     8 |     8 ||    20
       Unarmed           |       |    19 |   280 |   220 ||   519
Throw: Stone             |     3 |    66 |   105 |       ||   174
       Tomahawk          |       |    36 |    89 |    78 ||   203
       Javelin           |       |     2 |    36 |    12 ||    50
       Large rock        |       |       |       |    10 ||    10
       Throwing net      |       |       |       |     1 ||     1
Evoke: Wand              |       |       |       |     3 ||     3
  Use: Scroll            |       |       |     8 |       ||     8
       Potion            |       |       |     2 |     6 ||     8
 Stab: Sleeping          |     1 |       |     1 |       ||     2
       Confused          |       |     1 |       |     1 ||     2
       Invisible         |       |       |     5 |     2 ||     7
       Paralysed         |       |       |       |     2 ||     2
  Eat: Chunk             |    12 |    13 |    25 |    21 ||    71
Armor: Skin              |    41 |    82 |   178 |   125 ||   426
Dodge: Dodged            |    60 |    95 |   210 |   103 ||   468
